 Dungeon Crawl Stone Soup version 0.30.1-4-g462c640d31 (webtiles) character file.

Game seed: 11965663928439095372

79 hawla the Firebug (level 4, -2/33 HPs)
             Began as a Meteoran Fire Elementalist on Aug 26, 2023.
             Slain by an iguana (9 damage)
             ... on level 4 of the Dungeon.
             The game lasted 00:01:49 (394 turns).

hawla the Firebug (Meteoran Fire Elementalist)       Turns: 394, Time: 00:01:49

Health: -2/33      AC:  2    Str:  9    XL:     4   Next: 96%
Magic:  1/10       EV: 13    Int: 19    God:
Gold:   86         SH:  0    Dex: 20    Spells: 3/10 levels left

rFire   . . .        e - +0 whip
rCold   . . .        (no shield)
rNeg    . . .        a - +0 robe
rPois   .            (no helmet)
rElec   .            (no cloak)
rCorr   .            (no gloves)
SInv    .            (no boots)
Will    .....        (no amulet)
Stlth   +            d - +6 ring of dexterity
HPRegen 0.25/turn    (no ring)
MPRegen 0.12/turn

%: no passive effects
@: very slightly contaminated, glowing
A: sense surroundings 1, otherworldly, glowing, explore regen
a: no special abilities


You were on level 4 of the Dungeon.
You visited 1 branch of the dungeon, and saw 4 of its levels.

You collected 86 gold pieces.

Inventory:

Hand Weapons
 e - a +0 whip (weapon)
Armour
 a - a +0 robe (worn)
Jewellery
 d - a +6 ring of dexterity (left hand)
Scrolls
 b - a scroll of enchant armour {unknown}
 c - a scroll of fog {unknown}
 g - a scroll of magic mapping {unknown}


   Skills:
 - Level 3.0 Dodging
 - Level 1.4 Stealth
 - Level 3.5 Spellcasting
 + Level 2.7 Conjurations
 - Level 4.5 Fire Magic


You had 3 spell levels left.
You knew the following spells:

 Your Spells              Type           Power      Damage    Failure   Level
a - Foxfire               Conj/Fire      68%        2x1d7     3%          1
b - Scorch                Fire           40%        2d7       3%          2
c - Flame Wave            Conj/Fire      17%        2d7       32%         4

Your spell library contained the following spells:

 Spells                   Type           Power      Damage    Failure   Level
 Inner Flame              Hex/Fire       12%        N/A       17%         3
 Volatile Blastmotes      Fire/Tloc      24%        2d12      17%         3


Dungeon Overview and Level Annotations

Branches:
Dungeon (4/15) Zot: 2007
 Temple: D:4-7

Altars:


Innate Abilities, Weirdness & Mutations

You passively map a small area around you.
You are easily found by Zot.
You glow in the dark.
You regain HP and MP as you explore.


Message History

You finish memorising.
Spell assigned to 'c'.
b - a scroll labelled DEEPNORUESS You flicker for a moment.
You flicker back into view.
A hound comes into view.
Found a dark potion.
The hound barks!
You hear an angry hiss.
Casting: Scorch (safe; 3% risk of failure)
Confirm with . or Enter, or press ? or * to list all spells.
Flames lash the hound.
The hound is moderately wounded.
The hound's fire resistance burns away.
The hound bites you.
Casting: Scorch (safe; 3% risk of failure)
Confirm with . or Enter, or press ? or * to list all spells.
Flames lash the hound.
The hound is burned terribly!
The hound is severely wounded.
The hound misses you.
An iguana comes into view.
Casting: Scorch (safe; 3% risk of failure)
Confirm with . or Enter, or press ? or * to list all spells.
Flames lash the hound.
The hound is burned terribly!
You kill the hound!
Your Conjurations skill increases to level 2!
Casting: Scorch (safe; 3% risk of failure)
Confirm with . or Enter, or press ? or * to list all spells.
Flames lash the iguana.
The iguana is heavily wounded.
The iguana's fire resistance burns away.
The iguana bites you!
Casting: Scorch (safe; 3% risk of failure)
Confirm with . or Enter, or press ? or * to list all spells.
You miscast Scorch.
You are very lightly contaminated with residual magic.
Nothing appears to happen.
The iguana bites you. The iguana attacks as you move away!
The iguana bites you!
* * * LOW HITPOINT WARNING * * *
The iguana is no longer more vulnerable to fire.
The iguana attacks as you move away! The iguana barely misses you.
The iguana attacks as you move away! The iguana bites you!
You die...

#.#...........# #....., ,
,, #.#.....†.#†..# #...! ,
##.#.....†.#.<.# #..., ,
##..........#...# #..
............##### #.# **
....#...##### #.# ....#..##
#####.# ...##..# #.l...#
#..##..# #@##### ##.##..#
##.# , #.##..#
#..###########
#.##..########.###........,
, #.##..#............##..#
* ... ...........###....#
,.....##.............##.# .
...##.........####...# ..
..##...)......###.### *


You could see an iguana.

Vanquished Creatures
  A hound (D:4)
  A sleepcap (D:4)
  A worm (D:4)
  2 ball pythons
  An endoplasm (D:2)
  A giant cockroach (D:4)
  4 goblins
  A hobgoblin (D:4)
  A kobold (D:4)
  2 quokkas (D:2)
  2 bats (D:2)
  A frilled lizard (D:2)
18 creatures vanquished.

Vanquished Creatures (others)
  39 foxfires
39 creatures vanquished.

Grand Total: 57 creatures vanquished

Notes
Turn   | Place    | Note
-------+----------+-------------------------------------------
     0 | D:1      | hawla the Meteoran Fire Elementalist began the quest for
                  | the Orb.
     0 | D:1      | Reached XP level 1. HP: 14/14 MP: 5/5
   125 | D:2      | Reached XP level 2. HP: 20/20 MP: 3/6
   128 | D:2      | Learned a level 2 spell: Scorch
   193 | D:2      | Found a faded altar of an unknown god.
   241 | D:3      | Reached skill level 4 in Fire Magic
   290 | D:4      | Reached XP level 3. HP: 26/26 MP: 6/8
   352 | D:4      | Reached XP level 4. HP: 4/33 MP: 6/10
   357 | D:4      | Learned a level 4 spell: Flame Wave
   394 | D:4      | Slain by an iguana

Illustrated notes

Levels and vault maps discovered:
D:1:      onia_arrival_mini_maze_b, layout_basic
D:2:      layout_rooms, chequers_ecumenical_altar_simple_redux
D:3:      layout_loops_corners, overflow_temple_1_default,
          mainiacjoe_overflow_swirl, old_standard_altar, minmay_liquid_box,
          kennysheep_cross_bottleneck, guppyfry_early_orc_mine
D:4:      layout_rooms, general_overflow_altar

Skill      XL: |  1  2  3  4 |
---------------+-------------+-----
Spellcasting   | 3 |  3.5
Fire Magic     | 4 |  4.5
Dodging        | 3 |  3.0
Conjurations   | 2 |  2.7
Stealth        | |  1.4

Action                     |  1- 3 |  4- 6 || total
---------------------------+-------+-------++-------
  Melee: Whip              |     3 |       ||     3
         Unarmed           |     1 |       ||     1
   Cast: Foxfire           |    22 |       ||    22
         Scorch            |    10 |     4 ||    14
    Use: Potion            |     2 |       ||     2
 Armour: Robe              |    10 |       ||    10
  Dodge: Dodged            |    21 |     2 ||    23
